 Dungeon Sprint DCSS version 0.29.1-2-gbd0b4ee654 (webtiles) character file.

Game seed: 12884738698469666818

21400000 raph the Axe Maniac (level 27, -6/228 HPs)
             Began as a Djinni Warper on Nov 29, 2022.
             Was the Champion of Makhleb.
             Killed by the air
             ... invoked by The Meatlord
              (12 damage)
             ... in the Dungeon (Sprint VIII: "Arena of Blood").
             The game lasted 00:06:16 (214 turns).

raph the Axe Maniac (Djinni Warper)                  Turns: 214, Time: 00:06:17

Health: -6/228     AC:  6    Str: 10    XL:     27
Gold:   0          EV: 35    Int: 18    God:    Makhleb [******] SH:  0 Dex: 24

rFire   + + .      SeeInvis +   i - +∞ Axe of Woe
rCold   x . .      Faith    .   (shield currently unavailable)
rNeg    . . .      Spirit   .   b - +0 leather armour
rPois   ∞          Reflect  .   (no helmet)
rElec   .          Harm     .   (no cloak)
rCorr   .          Rampage  .   (no gloves)
Will    ++...      NoTele   +   (boots unavailable)
Stlth   ++++++++++              (no amulet)
HPRegen 0.48/turn               m - +200 ring of slaying
MPRegen 0.00/turn               o - ring of see invisible

@: flying, slowed, very slow
A: sickness immunity, fire resistance 2, cold vulnerability 1, float, innate
caster, HP casting, extra vitality 1
a: Renounce Religion, Minor Destruction, Lesser Servant of Makhleb, Major
Destruction, Greater Servant of Makhleb


You were in the Dungeon.
You worshipped Makhleb.
Makhleb was exalted by your worship.
You visited 1 branch

Inventory:

Hand Weapons
 a - a +0 hand axe
 i - the +∞ Axe of Woe (weapon)
   (You found it in the Dungeon)
Missiles
 d - 7 boomerangs of dispersal (quivered)
Armour
 b - a +0 leather armour (worn)
Jewellery
 g - a +250 ring of slaying
 j - a +30 ring of slaying
 k - a +30 ring of slaying
 l - a +100 ring of slaying
 m - a +200 ring of slaying (left hand)
 n - a +200 ring of slaying
 o - a ring of see invisible (right hand)
 p - a +250 ring of slaying
Scrolls
 c - a scroll of blinking
Potions
 f - a potion of heal wounds
 h - a potion of berserk rage


   Skills:
 O Level 27 Fighting
 O Level 27 Short Blades
 O Level 27 Long Blades
 O Level 27 Axes
 O Level 27 Maces & Flails
 O Level 27 Polearms
 O Level 27 Staves
 O Level 27 Ranged Weapons
 O Level 27 Throwing
 O Level 27 Armour
 O Level 27 Dodging
 O Level 27 Stealth
 O Level 27 Shields
 O Level 27 Unarmed Combat
 O Level 27 Spellcasting
 O Level 27 Invocations
 O Level 27 Evocations


You couldn't memorise any spells.
You knew the following spells:

 Your Spells              Type           Power      Damage    Failure   Level
a - Blink                 Tloc           100%       N/A       0%          2
b - Lesser Beckoning      Tloc           88%        N/A       0%          3
c - Gell's Gravitas       Tloc           88%        N/A       0%          3
d - Teleport Other        Tloc           88%        N/A       0%          3
e - Manifold Assault      Tloc           88%        N/A       0%          5
f - Magic Dart            Conj           100%       1d8       0%          1
g - Ensorcelled Hibernat  Hex/Ice        100%       N/A       0%          2
h - Call Canine Familiar  Summ           88%        N/A       0%          3
i - Dispel Undead         Necr           88%        3d28      0%          4
j - Iskenderun's Battles  Conj           88%        2d14      0%          5
k - Lightning Bolt        Conj/Air       44%        1d63      0%          5
l - Simulacrum            Ice/Necr       44%        N/A       0%          6
m - Dispersal             Tloc           44%        N/A       0%          6
n - Spellforged Servitor  Conj/Summ      44%        N/A       1%          7
o - Summon Hydra          Summ           44%        N/A       1%          7
p - Disjunction           Tloc           44%        N/A       1%          8
q - Summon Horrible Thin  Summ           44%        N/A       1%          8
r - Death's Door          Necr           44%        N/A       2%          9
Your spell library was empty.

Dungeon Overview and Level Annotations

Branches:
Dungeon (1/1)

Altars:
Makhleb

Annotations:
D The Meatlord


Innate Abilities, Weirdness & Mutations

You are immune to sickness and miasma.
You are immune to poison.
Your flesh is very heat resistant. (rF++)
You are vulnerable to cold. (rC-)
You float through the air rather than walking.
You learn spells naturally, not from books.
Your magical power is your life essence.
You have superior vitality. (+4 MHP)


Message History

The eight-headed meat hydra calls on the powers of darkness!
The eight-headed meat hydra convulses!
The bag of meat convulses!
The eight-headed meat hydra convulses!
The observer convulses!
You feel a surge of unholy energy.
The dread is engulfed in blazing flames.
Okay, then.
You open the meat beast like a pillowcase!!!
You hew the meat beast savagely.
You kill the meat beast!
Makhleb accepts your kill.
You feel better.
The observer is engulfed in blazing flames.
The observer gazes at you. Something smites you!
* * * LOW HITPOINT WARNING * * *
You hear a grinding noise.
A tyrant comes into view.
The Meatlord gestures.
The sculptor of flesh is engulfed in blazing flames.
The observer is engulfed in blazing flames.
You hear a shout! x2
The Tzitzimitl calls on the powers of darkness!
The bag of meat convulses!
The eight-headed meat hydra convulses! x2
The observer convulses!
Your body is wracked with pain!
* * * LOW HITPOINT WARNING * * *
The eight-headed meat hydra calls on the powers of darkness!
The eight-headed meat hydra convulses!
The bag of meat convulses!
The observer convulses!
The eight-headed meat hydra convulses!
Your body is wracked with pain!
* * * LOW HITPOINT WARNING * * *
The dread is engulfed in blazing flames. 3 ball lightnings come into view.
Blink to where?
Press: ? - help, Dir - move target A vile, a bag of meat, 2 scourges and a meat beast come into view.
As you read the scroll of blinking, it crumbles to dust.
The meat beast hisses angrily.
You hear a shout! x3
The Meatlord waves their arms in wide circles.
The air twists around and strikes you!
You die...

D.)o..1_)).))....
......*.&*###D).).))z
oS.9S###.)D..))###...
..2.)).#.*.o.))#.).)§
....)..#2...)†)#..).
.....).)....S))))..).
.#...)...†))p)))).)#.
#....)†).....W)).)#..
W#.).).@).)..))).#...
#)))))#).))...)#.))).
..).).))))...).#..)##
..)).##.#)..).......
†...).........)......
..####).).#..†..####
.....)........)...#.
#....))).....).....
####...)..)....)...


You could see The Meatlord, 2 meat beasts, 2 eight-headed meat hydras, 3
scourges, a fleshlord (fast), a dread, a vile (fast), 2 bags of meat and 2 ball
lightnings.

Vanquished Creatures
  2 molten gargoyles (D)
  14 hell knights (D)
  12 hell beasts (D)
  9 royal mummies (D)
  15 great orbs of eyes (D)
  28 wraiths (D)
  17 vampire knights (D)
  41 ogres (D)
  9 two-headed ogres (D)
  7 liches (D)
  17 hydras (D)
  11 phantoms (D)
  87 orcs (D)
  13 skeletal warriors (D)
  17 sea snakes (D)
299 creatures vanquished.

Vanquished Creatures (collateral kills)
  An orc (D)
1 creature vanquished.

Vanquished Creatures (others)
  A two-headed ogre (D)
  An orc (D)
2 creatures vanquished.

Grand Total: 302 creatures vanquished

Notes
Turn   | Place    | Note
-------+----------+-------------------------------------------
     0 | D        | Found the +∞ Axe of Woe
     0 | D        | raph the Djinni Warper began the quest for the Orb.
     0 | D        | raph set off with the following spells memorised: Blink,
                  | Lesser Beckoning, Gell's Gravitas, Teleport Other, Manifold
                  | Assault.
     0 | D        | Reached XP level 1. HP: 18/18 MP: 0/0
     2 | D        | Noticed a meat berserker
     2 | D        | Noticed a bag of meat
     3 | D        | Became a worshipper of Makhleb the Destroyer
     3 | D        | Noticed a bag of meat
     3 | D        | Noticed a bag of meat
     5 | D        | Noticed a bag of meat
     6 | D        | Noticed a bag of meat
     6 | D        | Noticed a meat berserker
     7 | D        | Killed a bag of meat
     7 | D        | Killed a meat berserker
     7 | D        | Reached * piety under Makhleb
     8 | D        | Reached skill level 10 in Throwing
     8 | D        | Reached skill level 10 in Spellcasting
     8 | D        | Reached XP level 2. HP: 40/40 MP: 0/0
     8 | D        | Reached XP level 3. HP: 45/45 MP: 0/0
     8 | D        | Learned a level 1 spell: Magic Dart
     8 | D        | Reached XP level 4. HP: 51/51 MP: 0/0
     8 | D        | Reached XP level 5. HP: 57/57 MP: 0/0
     8 | D        | Learned a level 2 spell: Ensorcelled Hibernation
     8 | D        | Reached XP level 6. HP: 63/63 MP: 0/0
     8 | D        | Reached XP level 7. HP: 68/68 MP: 0/0
     8 | D        | Learned a level 3 spell: Call Canine Familiar
     8 | D        | Reached XP level 8. HP: 75/75 MP: 0/0
     8 | D        | Reached XP level 9. HP: 80/80 MP: 0/0
     8 | D        | Learned a level 4 spell: Dispel Undead
     8 | D        | Reached XP level 10. HP: 86/86 MP: 0/0
     8 | D        | Reached XP level 11. HP: 92/92 MP: 0/0
     8 | D        | Learned a level 5 spell: Iskenderun's Battlesphere
     8 | D        | Reached XP level 12. HP: 98/98 MP: 0/0
     8 | D        | Reached XP level 13. HP: 103/103 MP: 0/0
     8 | D        | Learned a level 5 spell: Lightning Bolt
     8 | D        | Killed a meat berserker
     8 | D        | Killed a bag of meat
     8 | D        | Noticed a meat berserker
     9 | D        | Reached skill level 15 in Fighting
     9 | D        | Reached XP level 14. HP: 114/114 MP: 0/0
     9 | D        | Killed a bag of meat
     9 | D        | Reached ** piety under Makhleb
    10 | D        | Reached skill level 15 in Armour
    10 | D        | Killed a bag of meat
    11 | D        | Reached XP level 15. HP: 121/121 MP: 0/0
    11 | D        | Learned a level 6 spell: Simulacrum
    12 | D        | Killed a meat berserker
    12 | D        | Reached *** piety under Makhleb
    14 | D        | Reached skill level 15 in Throwing
    14 | D        | Reached XP level 16. HP: 127/132 MP: 0/0
    14 | D        | Noticed a meat berserker
    15 | D        | Reached **** piety under Makhleb
    15 | D        | Killed a meat berserker
    16 | D        | Reached skill level 15 in Spellcasting
    16 | D        | Reached XP level 17. HP: 143/143 MP: 0/0
    16 | D        | Learned a level 6 spell: Dispersal
    16 | D        | Noticed a meat berserker
    16 | D        | Noticed a meat berserker
    17 | D        | Noticed a meat berserker
    17 | D        | Noticed a meat berserker
    18 | D        | Noticed a meat berserker
    19 | D        | Noticed a destroyer
    20 | D        | Killed a meat berserker
    21 | D        | Reached ***** piety under Makhleb
    21 | D        | Noticed a large bag of meat
    22 | D        | Killed a destroyer
    23 | D        | Reached XP level 18. HP: 155/155 MP: 0/0
    23 | D        | Noticed a meat berserker
    24 | D        | Killed a meat berserker
    25 | D        | Reached skill level 27 in Axes
    25 | D        | Reached XP level 19. HP: 164/164 MP: 0/0
    25 | D        | Learned a level 7 spell: Spellforged Servitor
    25 | D        | Killed a meat berserker
    25 | D        | Reached ****** piety under Makhleb
    25 | D        | Noticed a large bag of meat
    28 | D        | Killed a meat berserker
    28 | D        | Killed a meat berserker
    29 | D        | Reached skill level 27 in Dodging
    29 | D        | Reached XP level 20. HP: 179/179 MP: 0/0
    29 | D        | Killed a meat berserker
    30 | D        | Reached skill level 27 in Fighting
    30 | D        | Reached skill level 27 in Armour
    30 | D        | Killed a large bag of meat
    30 | D        | Noticed a destroyer
    31 | D        | Reached XP level 21. HP: 187/187 MP: 0/0
    31 | D        | Learned a level 7 spell: Summon Hydra
    33 | D        | Killed a large bag of meat
    33 | D        | Killed a destroyer
    34 | D        | Reached skill level 27 in Throwing
    34 | D        | Reached skill level 27 in Spellcasting
    34 | D        | Noticed a large bag of meat
    35 | D        | Reached skill level 15 in Stealth
    35 | D        | Killed a large bag of meat
    36 | D        | Reached XP level 22. HP: 194/194 MP: 0/0
    36 | D        | Noticed a large bag of meat
    36 | D        | Noticed a destroyer
    37 | D        | Killed a large bag of meat
    38 | D        | Killed a destroyer
    38 | D        | Noticed a destroyer
    39 | D        | Reached skill level 27 in Invocations
    39 | D        | Reached XP level 23. HP: 201/201 MP: 0/0
    39 | D        | Learned a level 8 spell: Disjunction
    40 | D        | Noticed a destroyer
    42 | D        | Noticed a destroyer
    43 | D        | Killed a destroyer
    44 | D        | Reached skill level 27 in Stealth
    44 | D        | Noticed an accursed
    44 | D        | Killed a destroyer
    44 | D        | Killed a destroyer
    44 | D        | Killed an accursed
    44 | D        | Noticed a destroyer
    45 | D        | Reached XP level 24. HP: 208/208 MP: 0/0
    46 | D        | Killed a destroyer
    47 | D        | Reached XP level 25. HP: 214/214 MP: 0/0
    47 | D        | Learned a level 8 spell: Summon Horrible Things
    51 | D        | Noticed a large bag of meat
    53 | D        | Killed a large bag of meat
    54 | D        | Reached skill level 27 in Unarmed Combat
    56 | D        | Reached skill level 27 in Maces & Flails
    56 | D        | Reached skill level 27 in Polearms
    57 | D        | Noticed a tyrant
    57 | D        | Killed a tyrant
    60 | D        | Reached skill level 27 in Staves
    60 | D        | Reached XP level 26. HP: 221/221 MP: 0/0
    61 | D        | Noticed a large bag of meat
    62 | D        | Killed a large bag of meat
    62 | D        | Noticed a large bag of meat
    64 | D        | Reached skill level 15 in Shields
    64 | D        | Reached skill level 15 in Evocations
    64 | D        | Reached XP level 27. HP: 228/228 MP: 0/0
    64 | D        | Learned a level 9 spell: Death's Door
    64 | D        | Noticed a large bag of meat
    65 | D        | Reached skill level 15 in Ranged Weapons
    65 | D        | Killed a large bag of meat
    66 | D        | Noticed a destroyer
    67 | D        | Killed a large bag of meat
    67 | D        | Killed a destroyer
    67 | D        | Noticed a destroyer
    68 | D        | Noticed a dread
    68 | D        | Killed a destroyer
    68 | D        | Killed a dread
    69 | D        | Reached skill level 27 in Shields
    69 | D        | Reached skill level 27 in Evocations
    70 | D        | Reached skill level 27 in Short Blades
    70 | D        | Reached skill level 27 in Long Blades
    71 | D        | Reached skill level 27 in Ranged Weapons
    72 | D        | Noticed a dread
    72 | D        | Noticed a meat beast
    72 | D        | Killed a dread
    72 | D        | Killed a meat beast
    76 | D        | Noticed a meat beast
    77 | D        | Killed a meat beast
    92 | D        | Noticed a destroyer
    93 | D        | Killed a destroyer
    94 | D        | Noticed an accursed
    95 | D        | Killed an accursed
    95 | D        | Noticed an accursed
    96 | D        | Killed an accursed
    97 | D        | Noticed a meat beast
    99 | D        | Noticed a tyrant
   100 | D        | Noticed an accursed
   100 | D        | Killed a meat beast
   103 | D        | Killed a tyrant
   106 | D        | Killed an accursed
   113 | D        | Noticed a meat beast
   116 | D        | Killed a meat beast
   120 | D        | Noticed a dread
   121 | D        | Killed a dread
   123 | D        | Noticed a fleshlord
   124 | D        | Killed a fleshlord
   125 | D        | Noticed a fleshlord
   125 | D        | Killed a fleshlord
   126 | D        | Noticed a fleshlord
   127 | D        | Noticed a fleshlord
   127 | D        | Killed a fleshlord
   127 | D        | Killed a fleshlord
   127 | D        | Noticed a dread
   128 | D        | Killed a dread
   128 | D        | Noticed a fleshlord
   129 | D        | Killed a fleshlord
   129 | D        | Noticed a destroyer
   130 | D        | Killed a destroyer
   136 | D        | Noticed a dread
   136 | D        | Killed a dread
   140 | D        | Noticed a dread
   140 | D        | Killed a dread
   143 | D        | Noticed a meat beast
   144 | D        | Killed a meat beast
   145 | D        | Noticed a destroyer
   145 | D        | Noticed a dread
   146 | D        | Noticed a fleshlord
   146 | D        | Killed a dread
   146 | D        | Killed a destroyer
   146 | D        | Killed a fleshlord
   148 | D        | Noticed a dread
   149 | D        | Killed a dread
   150 | D        | Noticed an accursed
   151 | D        | Killed an accursed
   151 | D        | Noticed an accursed
   151 | D        | Noticed a dread
   152 | D        | Noticed a meat beast
   152 | D        | Killed a meat beast
   152 | D        | Killed an accursed
   152 | D        | Killed a dread
   154 | D        | Noticed an accursed
   157 | D        | Killed an accursed
   157 | D        | Noticed a fleshlord
   158 | D        | Killed a fleshlord
   158 | D        | Noticed a fleshlord
   160 | D        | Killed a fleshlord
   164 | D        | Noticed a meat beast
   164 | D        | Noticed a meat beast
   165 | D        | Killed a meat beast
   168 | D        | Noticed a dread
   168 | D        | Killed a dread
   168 | D        | Noticed a dread
   168 | D        | Noticed a tyrant
   170 | D        | Killed a dread
   170 | D        | Killed a tyrant
   170 | D        | Noticed a fleshlord
   170 | D        | Noticed a dread
   171 | D        | Noticed a dread
   171 | D        | Noticed a dread
   171 | D        | Noticed a fleshlord
   172 | D        | Killed a dread
   172 | D        | Killed a dread
   172 | D        | Noticed a tyrant
   172 | D        | Noticed a tyrant
   173 | D        | Killed a tyrant
   173 | D        | Killed a tyrant
   174 | D        | Noticed a destroyer
   174 | D        | Killed a destroyer
   174 | D        | Killed a dread
   175 | D        | Noticed a destroyer
   175 | D        | Noticed a destroyer
   175 | D        | Noticed a dread
   175 | D        | Noticed an accursed
   175 | D        | Noticed a fleshlord
   176 | D        | Noticed a destroyer
   176 | D        | Killed a dread
   177 | D        | Noticed a tyrant
   177 | D        | Noticed a dread
   177 | D        | Noticed a dread
   178 | D        | Noticed a dread
   178 | D        | Killed a dread
   178 | D        | Killed a fleshlord
   178 | D        | Killed a dread
   179 | D        | Killed a destroyer
   179 | D        | Killed a destroyer
   179 | D        | Noticed a destroyer
   179 | D        | Noticed a dread
   180 | D        | Killed an accursed
   180 | D        | Killed a dread
   180 | D        | Killed a fleshlord
   181 | D        | Killed a dread
   181 | D        | Killed a fleshlord
   181 | D        | Killed a destroyer
   181 | D        | Noticed a dread
   181 | D        | Noticed a dread
   182 | D        | Killed a destroyer
   182 | D        | Noticed a dread
   183 | D        | Killed a dread
   184 | D        | Noticed a dread
   184 | D        | Killed a dread
   186 | D        | Killed a dread
   186 | D        | Killed a tyrant
   186 | D        | Killed a dread
   190 | D        | Noticed a fleshlord
   191 | D        | Killed a fleshlord
   195 | D        | Noticed a fleshlord
   195 | D        | Killed a fleshlord
   197 | D        | Noticed a dread
   197 | D        | Noticed a meat beast
   199 | D        | Noticed a dread
   199 | D        | Killed a dread
   200 | D        | Killed a meat beast
   200 | D        | Killed a dread
   200 | D        | Noticed a dread
   201 | D        | Killed a dread
   201 | D        | Noticed a large bag of meat
   201 | D        | Noticed a vile
   201 | D        | Noticed a meat beast
   202 | D        | Killed a large bag of meat
   202 | D        | Killed a meat beast
   202 | D        | Noticed a fleshlord
   202 | D        | Noticed a tyrant
   202 | D        | Noticed a dread
   202 | D        | Noticed an accursed
   203 | D        | Killed an accursed
   203 | D        | Killed a vile
   203 | D        | Noticed a meat beast
   204 | D        | Killed a meat beast
   204 | D        | Killed a tyrant
   204 | D        | Noticed a fleshlord
   204 | D        | Noticed a vile
   205 | D        | Killed a dread
   205 | D        | Noticed a dread
   206 | D        | Killed a fleshlord
   206 | D        | Killed a dread
   206 | D        | Noticed a dread
   208 | D        | Noticed The Meatlord
   209 | D        | Killed a vile
   209 | D        | Noticed a large bag of meat
   210 | D        | Noticed a meat beast
   210 | D        | Noticed a meat beast
   211 | D        | Killed a meat beast
   211 | D        | Noticed a dread
   211 | D        | Killed a large bag of meat
   212 | D        | HP: 11/228 [dread/damnation (26)]
   212 | D        | HP: 1/228 [observer/divine providence (10)]
   213 | D        | Killed a meat beast
   213 | D        | Noticed a tyrant
   214 | D        | Noticed a vile
   214 | D        | Noticed a meat beast
   214 | D        | Killed from afar by The Meatlord

Illustrated notes

Levels and vault maps discovered:
D:        meatsprint

Skill      XL: |  1  2  3  4  5  6  7  8  9 10 11 12 13 14 15 16 17 18 19 20 21 22 23 24 25 26 27 |
---------------+----------------------------------------------------------------------------------+-----
Fighting       | 13 15 16 17 19 21 23 26 27 | 27.0
Axes           | 14 17 18 20 22 25 27 | 27.0
Throwing       | 10 12 13 15 16 18 19 22 26 27 | 27.0
Armour         | 12 14 15 17 19 21 23 26 27 | 27.0
Dodging        | 14 16 17 19 21 23 25 27 | 27.0
Spellcasting   | 10 11 12 14 15 17 18 21 24 27 | 27.0
Stealth        | 19 26 27 | 27.0
Invocations    | 21 27 | 27.0
Maces & Flails | 18 22 27 | 27.0
Polearms       | 19 22 27 | 27.0
Unarmed Combat | 22 26 27 | 27.0
Staves         | 27 | 27.0
Short Blades   | 8 14 27 | 27.0
Long Blades    | 8 14 27 | 27.0
Ranged Weapons | 7 13 27 | 27.0
Shields        | 8 15 27 | 27.0
Evocations     | 8 15 27 | 27.0

Action                   |  1- 3 |  4- 6 |  7- 9 | 10-12 | 13-15 | 16-18 | 19-21 | 22-24 | 25-27 || total
-------------------------+-------+-------+-------+-------+-------+-------+-------+-------+-------++-------
Melee: Executioner's axe |     1 |       |       |       |     7 |    11 |    16 |    15 |   249 ||   299
 Cast: Manifold Assault  |       |       |       |       |     2 |     3 |     4 |     5 |    94 ||   108
       Blink             |       |       |       |       |       |       |       |       |     1 ||     1
       Summon Hydra      |       |       |       |       |       |       |       |       |     1 ||     1
Invok: Greater Servant o |       |       |       |       |       |       |       |       |     2 ||     2
  Use: Potion            |       |       |       |       |       |       |       |       |     2 ||     2
       Scroll            |       |       |       |       |       |       |       |       |     1 ||     1
Dodge: Dodged            |       |       |       |       |       |       |       |       |     6 ||     6
